PL
TOLEDO TITANS @ BUCKHEAD BOWTIES
08/05/2021
 
TOP OF THE 1ST
Toledo Titans batting - Pitching for Buckhead Bowties : LHP Chester Henry
Pitching: LHP Chester Henry
Batting: RHB Juan Ramos 0-0: Called Strike
0-1: Called Strike
0-2: Ball
1-2: Foul Ball, location: 2F
1-2: Ball
2-2: Foul Ball, location: 2F
2-2: Ground out 4-3 (Groundball, 4S)
Batting: RHB Anthony Johnston 0-0: Ball
1-0: Foul Ball, location: 2F
1-1: Foul Ball, location: 2F
1-2: Ball
2-2: Ground out 5-3 (Groundball, 56)
Batting: RHB Phil Johnston 0-0: Foul Ball, location: 2F
0-1: Foul Ball, location: 2F
0-2: Ball
1-2: Strikes out swinging
Top of the 1st over - 0 run(s), 0 hit(s), 0 error(s), 0 left on base; Toledo 0 - Buckhead 0
BOTTOM OF THE 1ST
Buckhead Bowties batting - Pitching for Toledo Titans : RHP Edgar Martínez
Pitching: RHP Edgar Martínez
Batting: RHB John Downing 0-0: Foul Ball, location: 2F
0-1: Ground out 5-3 (Groundball, 56S)
Batting: LHB Neil Lawson 0-0: Fly out, F7 (Flyball, 7LM)
Batting: LHB Min-heui Im 0-0: Ball
1-0: Called Strike
1-1: SINGLE (Groundball, 4)
Batting: LHB Tony Martínez 0-0: Called Strike
0-1: Ball
1-1: Swinging Strike
1-2: Strikes out swinging
Bottom of the 1st over - 0 run(s), 1 hit(s), 0 error(s), 1 left on base; Toledo 0 - Buckhead 0
TOP OF THE 2ND
Toledo Titans batting - Pitching for Buckhead Bowties : LHP Chester Henry
Batting: RHB Juan Orozco 0-0: Ball
1-0: Foul Ball, location: 2F
1-1: Swinging Strike
1-2: Strikes out looking
Batting: RHB Donald Thompson 0-0: Ball
1-0: Called Strike
1-1: Fly out, F4 (Popup, 34D)
Batting: RHB Sherman Davis 0-0: Ground out 6-3 (Groundball, 6M)
Top of the 2nd over - 0 run(s), 0 hit(s), 0 error(s), 0 left on base; Toledo 0 - Buckhead 0
BOTTOM OF THE 2ND
Buckhead Bowties batting - Pitching for Toledo Titans : RHP Edgar Martínez
Batting: RHB Dave King 0-0: Ball
1-0: Foul Ball, location: 2F
1-1: Swinging Strike
1-2: Strikes out swinging
Batting: RHB Gabriel Rodríguez 0-0: Called Strike
0-1: Ground out 1-3 (Groundball, 15)
Batting: RHB Chandler Bailey 0-0: Called Strike
0-1: Swinging Strike
0-2: Fly out, F6 (Popup, 6)
Bottom of the 2nd over - 0 run(s), 0 hit(s), 0 error(s), 0 left on base; Toledo 0 - Buckhead 0
TOP OF THE 3RD
Toledo Titans batting - Pitching for Buckhead Bowties : LHP Chester Henry
Batting: RHB Brad Brown 0-0: Ball
1-0: Ball
2-0: Swinging Strike
2-1: Called Strike
2-2: Strikes out swinging
Batting: RHB Charles Jordan 0-0: Foul Ball, location: 2F
0-1: Fly out, F8 (Flyball, 8LM)
Batting: LHB Chris West 0-0: Ball
1-0: Called Strike
1-1: Called Strike
1-2: Ball
2-2: Strikes out swinging
Top of the 3rd over - 0 run(s), 0 hit(s), 0 error(s), 0 left on base; Toledo 0 - Buckhead 0
BOTTOM OF THE 3RD
Buckhead Bowties batting - Pitching for Toledo Titans : RHP Edgar Martínez
Batting: RHB Pedro Morales 0-0: Called Strike
0-1: Ball
1-1: Ball
2-1: Swinging Strike
2-2: Foul Ball, location: 2F
2-2: Ball
3-2: Ground out 6-3 (Groundball, 6)
Batting: RHB Joe Shaw 0-0: Called Strike
0-1: Ball
1-1: SINGLE (Groundball, 6MD)
Batting: RHB John Downing 0-0: Ball
1-0: Ball
2-0: Foul Ball, location: 2F
2-1: Fly out, F8 (Flyball, 8RXD)
Batting: LHB Neil Lawson 0-0: Ball
Joe Shaw steals 2nd base
1-0: 2-RUN HOME RUN (Flyball, 89XD), Distance : 412 ft
Batting: LHB Min-heui Im 0-0: Swinging Strike
0-1: Ball
1-1: Swinging Strike
1-2: Foul Ball, location: 2F
1-2: Strikes out swinging
Bottom of the 3rd over - 2 run(s), 2 hit(s), 0 error(s), 0 left on base; Toledo 0 - Buckhead 2
TOP OF THE 4TH
Toledo Titans batting - Pitching for Buckhead Bowties : LHP Chester Henry
Batting: RHB Juan Ramos 0-0: Bunted foul
0-1: Ball
1-1: Foul Ball, location: 2F
1-2: Ball
2-2: Strikes out looking
Batting: RHB Anthony Johnston 0-0: Called Strike
0-1: Called Strike
0-2: Foul Ball, location: 2F
0-2: Fly out, F6 (Popup, 6MS)
Batting: RHB Phil Johnston 0-0: Foul Ball, location: 2F
0-1: Ball
1-1: Ball
2-1: Foul Ball, location: 2F
2-2: Strikes out swinging
Top of the 4th over - 0 run(s), 0 hit(s), 0 error(s), 0 left on base; Toledo 0 - Buckhead 2
BOTTOM OF THE 4TH
Buckhead Bowties batting - Pitching for Toledo Titans : RHP Edgar Martínez
Batting: LHB Tony Martínez 0-0: Foul Ball, location: 2F
0-1: Foul Ball, location: 2F
0-2: Ball
1-2: Foul Ball, location: 2F
1-2: Fly out, F9 (Flyball, 9LD)
Batting: RHB Dave King 0-0: Ball
1-0: Foul Ball, location: 2F
1-1: Ball
2-1: Swinging Strike
2-2: Ball
3-2: Foul Ball, location: 2F
3-2: Base on Balls
Batting: RHB Gabriel Rodríguez 0-0: Ball
1-0: Ball
2-0: Ball
3-0: Called Strike
3-1: Base on Balls
Dave King to second
Batting: RHB Chandler Bailey 0-0: Called Strike
Dave King steals 3rd base
Gabriel Rodríguez to second
0-1: Ball
1-1: Foul Ball, location: 2F
1-2: DOUBLE (Line Drive, 78D)
Dave King scores
Gabriel Rodríguez scores
Batting: RHB Pedro Morales 0-0: Ball
1-0: Called Strike
1-1: Ball
2-1: Foul Ball, location: 2F
2-2: Ball
3-2: Fly out, F7 (Flyball, 7LM)
Batting: RHB Joe Shaw 0-0: Ball
1-0: Ball
2-0: Foul Ball, location: 2F
2-1: Called Strike
2-2: Ball
3-2: Base on Balls
Pitching: RHP Ramiro Germán
Batting: RHB John Downing 0-0: Called Strike
0-1: Ball
1-1: Swinging Strike
1-2: Ball
2-2: Ball
3-2: Foul Ball, location: 2F
3-2: Strikes out looking
Bottom of the 4th over - 2 run(s), 1 hit(s), 0 error(s), 2 left on base; Toledo 0 - Buckhead 4
TOP OF THE 5TH
Toledo Titans batting - Pitching for Buckhead Bowties : LHP Chester Henry
Batting: RHB Juan Orozco 0-0: Ball
1-0: Foul Ball, location: 2F
1-1: Ball
2-1: Ball
3-1: Foul Ball, location: 2F
3-2: Ground out 4-3 (Groundball, 4)
Batting: RHB Donald Thompson 0-0: Swinging Strike
0-1: Ball
1-1: Swinging Strike
1-2: Strikes out swinging
Batting: RHB Sherman Davis 0-0: Ball
1-0: Ground out 6-3 (Groundball, 6)
Top of the 5th over - 0 run(s), 0 hit(s), 0 error(s), 0 left on base; Toledo 0 - Buckhead 4
BOTTOM OF THE 5TH
Buckhead Bowties batting - Pitching for Toledo Titans : RHP Ramiro Germán
Batting: LHB Neil Lawson 0-0: Ball
1-0: Ball
2-0: Ball
3-0: Base on Balls
Batting: LHB Min-heui Im 0-0: Called Strike
0-1: Ball
1-1: Ball
2-1: Swinging Strike
Passed Ball!
Neil Lawson to second
2-2: Foul Ball, location: 2F
2-2: Fly out, F4 (Line Drive, 34D)
Batting: LHB Tony Martínez 0-0: Ball
1-0: Swinging Strike
1-1: Ball
2-1: Ground out 4-3 (Groundball, 4M)
Neil Lawson to third
Batting: RHB Dave King 0-0: Called Strike
0-1: Ball
1-1: Ball
2-1: Swinging Strike
2-2: Foul Ball, location: 2F
2-2: Ball
3-2: Strikes out swinging
Bottom of the 5th over - 0 run(s), 0 hit(s), 0 error(s), 1 left on base; Toledo 0 - Buckhead 4
TOP OF THE 6TH
Toledo Titans batting - Pitching for Buckhead Bowties : LHP Chester Henry
Batting: RHB Brad Brown 0-0: Called Strike
0-1: Ball
1-1: Called Strike
1-2: Foul Ball, location: 2F
1-2: Ball
2-2: Ball
3-2: Strikes out swinging
Batting: RHB Charles Jordan 0-0: Ball
1-0: Fly out, F6 (Popup, 56D)
Batting: LHB Chris West 0-0: Ball
1-0: Foul Ball, location: 2F
1-1: Ball
2-1: Ball
3-1: Foul Ball, location: 2F
3-2: Ground out 1-3 (Groundball, 25)
Top of the 6th over - 0 run(s), 0 hit(s), 0 error(s), 0 left on base; Toledo 0 - Buckhead 4
BOTTOM OF THE 6TH
Buckhead Bowties batting - Pitching for Toledo Titans : RHP Ramiro Germán
Batting: RHB Gabriel Rodríguez 0-0: Ball
1-0: Foul Ball, location: 2F
1-1: Ground out 5-3 (Groundball, 5S)
Batting: RHB Chandler Bailey 0-0: SINGLE (Groundball, 6MD)
Batting: RHB Pedro Morales 0-0: Ball
1-0: Grounds into double play, 5-4-3 (Groundball, 5)
Bottom of the 6th over - 0 run(s), 1 hit(s), 0 error(s), 0 left on base; Toledo 0 - Buckhead 4
TOP OF THE 7TH
Toledo Titans batting - Pitching for Buckhead Bowties : LHP Chester Henry
Batting: RHB Juan Ramos 0-0: SINGLE (Line Drive, 6MD)
Batting: RHB Anthony Johnston 0-0: Ball
1-0: Foul Ball, location: 2F
1-1: Ground out 5-3 (Groundball, 5S)
Juan Ramos to second
Batting: RHB Phil Johnston 0-0: Ground out 6-3 (Groundball, 6)
Batting: RHB Juan Orozco 0-0: Ball
1-0: Ground out 3-1 (Groundball, 34)
Top of the 7th over - 0 run(s), 1 hit(s), 0 error(s), 1 left on base; Toledo 0 - Buckhead 4
BOTTOM OF THE 7TH
Buckhead Bowties batting - Pitching for Toledo Titans : RHP Ramiro Germán
Batting: RHB Joe Shaw 0-0: Ball
1-0: Ball
2-0: SOLO HOME RUN (Line Drive, 7LD), Distance : 374 ft
Batting: RHB John Downing 0-0: Swinging Strike
0-1: Called Strike
0-2: Ball
1-2: Strikes out looking
Pitching: LHP Walt Johnston
Batting: LHB Neil Lawson 0-0: Ball
1-0: Swinging Strike
1-1: Fly out, F3 (Popup, 23F)
Batting: LHB Min-heui Im 0-0: SOLO HOME RUN (Flyball, 9LD), Distance : 357 ft
Batting: LHB Tony Martínez 0-0: Ball
1-0: SINGLE (Line Drive, 4M)
Batting: RHB Dave King 0-0: Called Strike
0-1: Ball
1-1: Ball
2-1: Foul Ball, location: 2F
2-2: Ball
3-2: Fly out, F9 (Flyball, 9LM)
Bottom of the 7th over - 2 run(s), 3 hit(s), 0 error(s), 1 left on base; Toledo 0 - Buckhead 6
TOP OF THE 8TH
Toledo Titans batting - Pitching for Buckhead Bowties : LHP Chester Henry
Batting: RHB Donald Thompson 0-0: Called Strike
0-1: Called Strike
0-2: Ball
1-2: Foul Ball, location: 2F
1-2: Strikes out swinging
Batting: RHB Sherman Davis 0-0: Called Strike
0-1: Ball
1-1: Swinging Strike
1-2: Strikes out looking
Batting: RHB Brad Brown 0-0: Foul Ball, location: 2F
0-1: Swinging Strike
0-2: Ground out 6-3 (Groundball, 6M)
Top of the 8th over - 0 run(s), 0 hit(s), 0 error(s), 0 left on base; Toledo 0 - Buckhead 6
BOTTOM OF THE 8TH
Buckhead Bowties batting - Pitching for Toledo Titans : LHP Walt Johnston
Batting: RHB Gabriel Rodríguez 0-0: Called Strike
0-1: Ball
1-1: Ball
2-1: Foul Ball, location: 2F
2-2: Strikes out looking
Batting: RHB Chandler Bailey 0-0: Called Strike
0-1: Ball
1-1: Swinging Strike
1-2: Ball
2-2: Ball
3-2: Base on Balls
Batting: RHB Pedro Morales 0-0: DOUBLE (Flyball, 7D)
Chandler Bailey to third
Batting: RHB Joe Shaw 0-0: Ball
1-0: SINGLE (Groundball, 56)
Chandler Bailey scores
Pedro Morales to third
Runner from 3rd tries for Home, SAFE, no throw or cutoff
Pitching: RHP Yusuke Saito
Batting: RHB John Downing 0-0: Called Strike
0-1: Ball
1-1: Ground out 6-3 (Groundball, 6MD)
Joe Shaw to second
Batting: LHB Neil Lawson 0-0: Swinging Strike
0-1: Foul Ball, location: 2F
0-2: Fly out, F8 (Flyball, 8RS)
Bottom of the 8th over - 2 run(s), 2 hit(s), 0 error(s), 1 left on base; Toledo 0 - Buckhead 8
TOP OF THE 9TH
Toledo Titans batting - Pitching for Buckhead Bowties : LHP Chester Henry
Batting: RHB Charles Jordan 0-0: Ball
1-0: Ground out 4-3 (Groundball, 4M)
Batting: LHB Chris West 0-0: Fly out, F2 (Popup, 2RF)
Batting: RHB Juan Ramos 0-0: Fly out, F9 (Flyball, 9LM)
Top of the 9th over - 0 run(s), 0 hit(s), 0 error(s), 0 left on base; Toledo 0 - Buckhead 8
This league is powered by Out of the Park Baseball, the baseball management simulation game for PC, Mac and Linux
Friday, January 22nd, 2016 - OOTP Baseball 16.9 Build 39